[Event "Team 45 45 League T32"]
[Site "Internet Chess Club"]
[Date "2007.01.20"]
[Round "1"]
[White "Silenita"]
[Black "rss"]
[Result "1-0"]
[WhiteElo "1840"]
[BlackElo "1746"]
[ECO "C00"]
[TimeControl "2700+45"]

1. e4 e6 2. d3 d5 3. Qe2 Ne7 4. f4 dxe4 5. dxe4 Nbc6 6. c3 g6 7. Nf3 Bg7 8. e5
b6 9. g3 Bb7 10. Bg2 O-O 11. O-O Qc8 12. Be3 Rd8 13. Rd1 Rxd1+ 14. Qxd1 Nd5 15.
Bf2 Qd8 16. Nbd2 Nde7 17. Qe2 Qe8 18. Re1 Rd8 19. Ne4 Qd7 20. Bf1 Qc8 21. h3 Nd5
22. Nh2 Nb8 23. Ng4 Ba6 24. Qf3 Bxf1 25. Rxf1 Nd7 26. c4 Ne7 27. Ngf6+ Kh8 28.
g4 h6 29. Rd1 Nb8 30. Rxd8+ Qxd8 31. h4 Ng8 32. Nxg8 Qxg8 33. Qd3 Qe8 34. Kg2
Qd7 35. Qxd7 Nxd7 36. Bg3 Kg8 37. Kf3 Kf8 38. b4 a5 39. b5 Ke8 40. Ke3 Bf8 41.
Kf3 Nc5 42. Nxc5 Bxc5 43. Bf2 Be7 44. Ke4 Kd7 45. h5 Bf8 46. Be3 Bg7 47. c5 bxc5
48. Bxc5 gxh5 49. gxh5 Ke8 50. a4 f6 51. b6 cxb6 52. Bxb6 fxe5 53. fxe5 Bf8 54.
Bxa5 Kd7 55. Bd2 Kc6 56. Kd4 Kb6 57. Kc4 Kc6 58. a5 Bg7 59. Bc3 Bf8 60. Bb4 Bg7
61. Bd6 Bh8 62. Bf8 Bxe5 63. Bxh6 Bh8 64. Bf8 e5 65. h6 e4 66. Bg7 {Black
resigns} 1-0

[Event "Team 45 45 League T32"]
[Site "Internet Chess Club"]
[Date "2007.01.20"]
[Round "1"]
[White "Electryon"]
[Black "RedAttack"]
[Result "1/2-1/2"]
[WhiteElo "1750"]
[BlackElo "1798"]
[ECO "D00"]
[TimeControl "2700+45"]

1. d4 d5 2. Bf4 Nf6 3. e3 e6 4. Nf3 Nc6 5. Nbd2 Bd6 6. Ne5 O-O 7. Be2 Bd7 8. O-O
a6 9. c4 Ne8 10. cxd5 exd5 11. Bg4 Bxg4 12. Qxg4 Nf6 13. Qf3 Re8 14. Nd3 Ne4 15.
Qe2 Qf6 16. Bxd6 Qxd6 17. Nxe4 Rxe4 18. Qh5 g6 19. Qg5 Kg7 20. Nf4 f5 21. Nh5+
Kh8 22. Qf6+ Qxf6 23. Nxf6 Re7 24. Nxd5 Rd7 25. Nf4 Ne7 26. Rac1 c6 27. Rc2 g5
28. Ne6 h6 29. Nc5 Rc7 30. g3 Nd5 31. a3 Re8 32. Re2 f4 33. Rfe1 f3 34. Rd2 Nb6
35. b3 Nd7 36. Nxd7 Rxd7 37. g4 Re4 38. h3 Kg7 39. Kh2 Kg6 40. Kg3 Rf7 41. Rc1
h5 42. Rdd1 h4+ 43. Kh2 Rfe7 44. d5 cxd5 45. Rxd5 Rf7 46. Rcc5 Rxe3 47. Rxg5+
Kh7 48. fxe3 f2 49. Rgf5 f1=Q 50. Rxf1 Rxf1 51. Rh5+ Kg6 52. Rxh4 Re1 53. b4
Rxe3 54. a4 Re4 55. b5 Rxa4 56. bxa6 Rxa6 57. Rh5 Ra2+ 58. Kg3 Rb2 59. Kf3 b5
60. Ke3 Rb3+ 61. Kd2 b4 62. Kc2 Rg3 {Game drawn by mutual agreement} 1/2-1/2

[Event "Team 45 45 League T32"]
[Site "Internet Chess Club"]
[Date "2007.01.19"]
[Round "1"]
[White "HKNIGHT"]
[Black "rubo"]
[Result "0-1"]
[WhiteElo "1644"]
[BlackElo "1816"]
[ECO "A45"]
[TimeControl "2700+45"]

1. d4 Nf6 2. e3 g6 3. f4 Bg7 4. Nf3 O-O 5. c3 d5 6. Be2 Bg4 7. O-O c6 8. Nbd2
Nbd7 9. Ne5 Bxe2 10. Qxe2 e6 11. Qf3 c5 12. e4 cxd4 13. cxd4 Qb6 14. Qd3 Nxe5
15. fxe5 Ng4 16. Kh1 Bxe5 17. Nf3 Bg7 18. e5 Rac8 19. b3 Rc6 20. h3 Nh6 21. g4
Rfc8 22. Bd2 Rc2 23. Ne1 R2c6 24. Nf3 Qa6 25. Qxa6 Rxa6 26. Rfc1 Rac6 27. Rxc6
Rxc6 28. Rc1 Rxc1+ 29. Bxc1 Bf8 30. Kg2 Kg7 31. Kg3 Bb4 32. a3 Bc3 33. a4 Ng8
34. Ba3 a5 35. Kf2 f6 36. Bd6 h6 37. Ke2 Kf7 38. Kd3 Bb4 39. Bxb4 axb4 40. exf6
Kxf6 41. h4 Ne7 42. Ne5 g5 43. Nd7+ Kf7 44. h5 Nc6 45. Nc5 Na5 46. Kc2 Ke7 47.
Nd3 Nc6 48. Kb2 b6 49. Ka2 Kd6 50. Kb2 Nxd4 51. Nxb4 Nc6 52. Nxc6 Kxc6 53. b4 d4
54. Kc2 e5 55. Kd3 Kd5 56. a5 e4+ 57. Kd2 bxa5 58. bxa5 Kc5 59. a6 Kb6 60. a7
Kxa7 61. Kc2 Kb6 62. Kb2 Kc5 63. Kb3 e3 64. Kc2 Kc4 65. Kd1 d3 66. Ke1 Kc3 67.
Kd1 d2 68. Ke2 Kd4 69. Kd1 Ke4 70. Ke2 Kf4 71. Kd1 Kxg4 72. Ke2 Kf4 73. Kd1 g4
74. Ke2 g3 75. Kd1 g2 {White resigns} 0-1

[Event "Team 45 45 League T32"]
[Site "Internet Chess Club"]
[Date "2007.01.18"]
[Round "1"]
[White "Changuito-77"]
[Black "JBlaze"]
[Result "1-0"]
[WhiteElo "1771"]
[BlackElo "1829"]
[ECO "A48"]
[TimeControl "2700+45"]

1. d4 Nf6 2. Nf3 g6 3. e3 Bg7 4. b3 O-O 5. Bd3 d6 6. Bb2 Nh5 7. Nbd2 f5 8. O-O
Nd7 9. Bc4+ Kh8 10. Ng5 Nb6 11. Nf7+ Rxf7 12. Bxf7 e6 13. g4 fxg4 14. Qxg4 Nf6
15. Qh4 Bd7 16. Bxg6 Qg8 17. Bd3 e5 18. f3 Nbd5 19. Kf2 Qe6 20. Rae1 Rf8 21. Rg1
e4 22. Nxe4 Ng4+ 23. Ke2 Ngxe3 24. Ng5 Nf5+ 25. Nxe6 Nxh4 26. Nxf8 Bxf8 27. Kf2
Bh6 28. c4 Nf4 29. d5+ Bg7 30. Bxg7+ Kg8 31. Bh6+ Kf7 32. Bxf4 {Black resigns}
1-0

[Event "Team 45 45 League T32"]
[Site "Internet Chess Club"]
[Date "2007.01.18"]
[Round "1"]
[White "spacecadet"]
[Black "fledermaus"]
[Result "1-0"]
[WhiteElo "2011"]
[BlackElo "1982"]
[ECO "B00"]
[TimeControl "2700+45"]

1. e4 Nc6 2. d4 d5 3. e5 f6 4. f4 Bf5 5. c3 e6 6. Nf3 Qd7 7. Bd3 Nh6 8. Bxf5
Nxf5 9. g4 Nh6 10. h3 O-O-O 11. Be3 Nf7 12. Qd3 Be7 13. Nbd2 Kb8 14. O-O-O Rdf8
15. Rhf1 fxe5 16. dxe5 g5 17. fxg5 Nfxe5 18. Nxe5 Nxe5 19. Bxa7+ Ka8 20. Qe3 Nf7
21. h4 b6 22. Bxb6 cxb6 23. Nc4 Bc5 24. Qxc5 dxc4 25. Rxd7 bxc5 26. Rfxf7 Rxf7
27. Rxf7 e5 28. Re7 h5 29. g6 hxg4 30. g7 Rg8 31. Rf7 {Black resigns} 1-0

[Event "Team 45 45 League T32"]
[Site "Internet Chess Club"]
[Date "2007.01.19"]
[Round "1"]
[White "Flying-Tiger"]
[Black "Hazy"]
[Result "0-1"]
[WhiteElo "1856"]
[BlackElo "1906"]
[ECO "C44"]
[TimeControl "2700+45"]

1. e4 e5 2. Nf3 Nc6 3. d4 exd4 4. Bc4 d6 5. c3 Ne5 6. Nxe5 dxe5 7. Qb3 Qd7 8.
O-O Nf6 9. cxd4 Bd6 10. Re1 O-O 11. Bg5 Qg4 12. Bxf6 gxf6 13. d5 f5 14. Nd2 f4
15. Nf3 Kh8 16. Kh1 Rg8 17. Rg1 Qh5 18. Be2 Bg4 19. Rab1 b6 20. Qd3 Rg6 21. Qc3
Rh6 22. h3 Bxh3 23. Nh2 Bg4 24. Qh3 Bxe2 25. Qxh5 Rxh5 26. f3 Bc5 27. Rge1 Ba6
28. b4 Bf2 29. Rec1 Rc8 30. g4 fxg3 31. Kg2 Rxh2# {White checkmated} 0-1

[Event "Team 45 45 League T32"]
[Site "Internet Chess Club"]
[Date "2007.01.19"]
[Round "1"]
[White "Avedldesierto"]
[Black "GoIrish"]
[Result "1/2-1/2"]
[WhiteElo "1669"]
[BlackElo "1679"]
[ECO "B09"]
[TimeControl "2700+45"]

1. e4 d6 2. d4 Nf6 3. Nc3 g6 4. f4 Bg7 5. Nf3 c6 6. Bd3 Qc7 7. Be3 Nbd7 8. O-O
e5 9. fxe5 dxe5 10. dxe5 Nxe5 11. Bf4 Qb6+ 12. Kh1 Nxd3 13. Qxd3 O-O 14. Ne5 Ng4
15. Nxg4 Bxg4 16. h3 Be6 17. Nd1 Rad8 18. Qg3 Qd4 19. Nc3 Qc4 20. e5 b5 21. b3
Qc5 22. Ne4 Qxc2 23. Nf6+ Kh8 24. Qh4 h5 25. g4 Bd5+ 26. Nxd5 Qe4+ 27. Kh2 Rxd5
28. gxh5 Rd2+ 29. Rf2 Rxf2+ 30. Qxf2 Bxe5 31. Rf1 Bxf4+ 32. Qxf4 Qxf4+ 33. Rxf4
Kg7 34. hxg6 fxg6 35. Kg3 Rxf4 36. Kxf4 c5 37. Ke5 c4 38. bxc4 bxc4 39. Kd4 Kf6
40. Kxc4 Kf5 41. a4 Kf4 42. a5 g5 43. Kb5 Kg3 44. Ka6 Kxh3 45. Kxa7 g4 46. Kb8
g3 47. a6 g2 48. a7 {Game drawn by mutual agreement} 1/2-1/2

[Event "Team 45 45 League T32"]
[Site "Internet Chess Club"]
[Date "2007.01.18"]
[Round "1"]
[White "Grenadier"]
[Black "HoHo"]
[Result "1/2-1/2"]
[WhiteElo "1702"]
[BlackElo "1693"]
[ECO "B21"]
[TimeControl "2700+45"]

1. e4 c5 2. d4 cxd4 3. c3 dxc3 4. Nxc3 d6 5. Bc4 Nf6 6. Nf3 e6 7. Bf4 a6 8. O-O
Be7 9. Qe2 O-O 10. Rfd1 Qc7 11. Rac1 Nc6 12. e5 Ne8 13. exd6 Bxd6 14. Bxd6 Nxd6
15. Bb3 Qe7 16. Nd4 Bd7 17. Bc2 Rac8 18. Qd3 g6 19. Nxe6 Bxe6 20. Qxd6 Qxd6 21.
Rxd6 Nb4 22. a3 Na2 23. Nxa2 Bxa2 24. Rdd1 Rxc2 25. Rxc2 Bb3 26. Rdc1 Bxc2 27.
Rxc2 Rd8 28. g3 Rd1+ 29. Kg2 Rb1 30. Kf3 h5 31. h4 Kg7 32. Ke4 Rd1 33. Ke3 Rd7
34. b4 f6 35. Rc4 g5 36. hxg5 fxg5 37. f4 gxf4+ 38. Kxf4 Kh6 39. Rc3 Rf7+ 40.
Ke5 Kg5 41. Ke4 Kg4 42. a4 Rg7 43. Ke5 Kh3 44. Kf4 Rg4+ 45. Kf5 Rxg3 46. Rc7 h4
47. Rxb7 Kg2 48. Rc7 Rf3+ 49. Kg4 Rb3 50. Rc2+ Kf1 51. Kxh4 Rxb4+ 52. Kg3 Rxa4
53. Kf3 Ke1 54. Ke3 Kd1 55. Rh2 Ra3+ 56. Kd4 Kc1 57. Kc4 Kb1 58. Kb4 Ra2 {Game
drawn by mutual agreement} 1/2-1/2

[Event "Team 45 45 League T32"]
[Site "Internet Chess Club"]
[Date "2007.01.20"]
[Round "1"]
[White "camembert"]
[Black "room-matt"]
[Result "1-0"]
[WhiteElo "1956"]
[BlackElo "1862"]
[ECO "A52"]
[TimeControl "2700+45"]

1. d4 Nf6 2. c4 e5 3. dxe5 Ng4 4. Bf4 Bb4+ 5. Nc3 d6 6. Nf3 O-O 7. exd6 Qf6 8.
dxc7 Qxf4 9. cxb8=Q Rxb8 10. e3 Qf6 11. Qd4 Rd8 12. Qxf6 Nxf6 13. Nd4 Ne4 14.
Rc1 Be6 15. f3 Nxc3 16. bxc3 Bc5 17. Kf2 Re8 18. Bd3 Rbd8 19. Rhe1 h6 20. Nxe6
Rxe6 21. Rcd1 Rdd6 22. f4 Ra6 23. Bb1 Rad6 24. Rxd6 Rxd6 25. Ke2 Kf8 26. e4 Ke7
27. e5 Rb6 28. Kf3 Rb2 29. Rd1 Rf2+ 30. Kg3 g5 31. fxg5 hxg5 32. Rd5 Be3 33. Rd3
Bc5 34. Rd5 Be3 35. Rb5 b6 36. a4 Rf1 37. Rb3 Bf4+ 38. Kg4 Bxe5 39. Kxg5 Bxh2
40. Be4 Rf4 41. Bd5 f6+ 42. Kg6 Rg4+ 43. Kh5 Rxg2 44. Bxg2 {Black resigns} 1-0

[Event "Team 45 45 League T32"]
[Site "Internet Chess Club"]
[Date "2007.01.21"]
[Round "1"]
[White "burnsja2003"]
[Black "qs16"]
[Result "1/2-1/2"]
[WhiteElo "1758"]
[BlackElo "1842"]
[ECO "E00"]
[TimeControl "2700+45"]

1. d4 Nf6 2. c4 e6 3. Bg5 Be7 4. Nf3 d5 5. e3 b6 6. Nc3 Bb7 7. Bxf6 Bxf6 8. cxd5
Bxd5 9. Nxd5 exd5 10. Rc1 Nd7 11. Bb5 O-O 12. Bc6 Rc8 13. Bxd5 c5 14. O-O cxd4
15. Rxc8 Qxc8 16. exd4 Rd8 17. Qb3 Rf8 18. Be4 g6 19. Qa4 a5 20. b4 Re8 21. Bc6
Re7 22. d5 Ne5 23. Nxe5 Bxe5 24. bxa5 Ra7 25. Qe4 Re7 26. Qa4 Ra7 27. Qb5 Rxa5
28. Qxb6 Rxa2 29. Qb7 Qf5 30. Qd7 Qf6 31. Qg4 Bd4 32. Qg3 Bc5 33. h3 Bd6 34. Qf3
Qe5 35. g3 Ra3 36. Qg4 Bc5 37. Kh2 Bd6 38. Qd7 Rxg3 39. f4 Qe3 40. Qe8+ Qxe8 41.
Bxe8 Re3 42. Bc6 Kg7 43. Kg2 Re4 44. f5 f6 45. fxg6 hxg6 46. Bd7 Rd4 47. Be6 Be5
48. Rb1 Kh6 49. Rb6 Kg5 50. d6 Rxd6 51. Rxd6 Bxd6 52. Bc8 Kf4 53. Bb7 Ke3 54.
Bc6 f5 55. Bb7 g5 56. Bc6 {Game drawn by mutual agreement} 1/2-1/2

[Event "Team 45 45 League T32"]
[Site "Internet Chess Club"]
[Date "2007.01.22"]
[Round "1"]
[White "six-killer"]
[Black "jacknor"]
[Result "0-1"]
[WhiteElo "1692"]
[BlackElo "1559"]
[ECO "B30"]
[TimeControl "2700+45"]

1. e4 c5 2. Nf3 Nc6 3. Bb5 d6 4. O-O Bd7 5. Re1 a6 6. Bxc6 Bxc6 7. d4 cxd4 8.
Qxd4 Nf6 9. Nc3 e6 10. Nd5 Bxd5 11. exd5 e5 12. Nxe5 Be7 13. Nc4 O-O 14. Nb6 Rb8
15. Bd2 Nd7 16. Nc4 Bf6 17. Qf4 Ne5 18. Bc3 Bg5 19. Qd4 Bf6 20. Nxe5 Bxe5 21.
Qd3 Bxc3 22. bxc3 Re8 23. Re3 Rxe3 24. Qxe3 Qd7 25. Re1 Kf8 26. Qd3 Kg8 27. Re4
Re8 28. Rxe8+ Qxe8 29. Kf1 g6 30. Qd4 Qb5+ 31. Ke1 Qb1+ 32. Kd2 Qxa2 33. c4 Qa5+
34. c3 b6 35. Qf6 Qc5 36. h4 Qxc4 37. Qxd6 Qxh4 38. Qb8+ Kg7 39. Qe5+ Qf6 40. f4
Qxe5 41. fxe5 Kf8 42. d6 Ke8 43. Ke3 Kd7 44. g4 h6 45. c4 f6 46. exf6 Kxd6 47.
Kd4 Ke6 48. c5 bxc5+ 49. Kxc5 Kxf6 50. Kb6 Ke5 51. Kxa6 Kf4 52. Kb5 Kxg4 53. Kc4
Kf3 54. Kd3 g5 55. Kd2 Kf2 {White resigns} 0-1

[Event "Team 45 45 League T32"]
[Site "Internet Chess Club"]
[Date "2007.01.17"]
[Round "1"]
[White "chesskilleruk"]
[Black "akdog3"]
[Result "1/2-1/2"]
[WhiteElo "2335"]
[BlackElo "2228"]
[ECO "C65"]
[TimeControl "2700+45"]

1. e4 e5 2. Nf3 Nc6 3. Bb5 Nf6 4. Qe2 Bc5 5. c3 O-O 6. O-O Re8 7. d3 h6 8. Re1
d6 9. h3 Bd7 10. Nbd2 a6 11. Ba4 Ba7 12. Bc2 d5 13. Nf1 Be6 14. Ng3 Qd7 15. Kh2
Rad8 16. Nh4 Bg4 17. f3 Be6 18. Ngf5 Ne7 19. g4 Ng6 20. Qg2 Nh7 21. Qg3 c6 22.
Re2 Nf4 23. Bxf4 exf4 24. Qxf4 dxe4 25. fxe4 Bb8 26. e5 f6 27. d4 Bc4 28. Nxg7
Qxg7 29. Nf5 fxe5 30. Nxg7 exf4 31. Rxe8+ Rxe8 32. Nxe8 f3+ 33. Kg1 Ng5 34. Kf2
Be2 35. Nf6+ Kf7 36. Ne4 Nxh3+ 37. Ke1 Nf4 38. Ng3 f2+ 39. Kxf2 Bxg4 40. Nf5
Nh3+ 41. Ke3 Bf4+ 42. Ke4 Kf6 43. Ne3 Bh5 44. Ng2 Bg6+ 45. Kf3 Bh5+ 46. Ke4 Bg6+
47. Kf3 Bh5+ 48. Ke4 {Game drawn by repetition} 1/2-1/2

[Event "Team 45 45 League T32"]
[Site "Internet Chess Club"]
[Date "2007.01.19"]
[Round "1"]
[White "postalex"]
[Black "JustinSane"]
[Result "1-0"]
[WhiteElo "2199"]
[BlackElo "2235"]
[ECO "C19"]
[TimeControl "2700+45"]

1. e4 e6 2. d4 d5 3. Nc3 Bb4 4. e5 c5 5. a3 Bxc3+ 6. bxc3 Ne7 7. Nf3 Nbc6 8. Bd3
Qa5 9. O-O b6 10. Bd2 Ba6 11. c4 Qa4 12. cxd5 Bxd3 13. cxd3 Qxd1 14. Rfxd1 Nxd4
15. Nxd4 cxd4 16. d6 Nc6 17. f4 Kd7 18. Be1 f6 19. Bg3 Rhf8 20. Rf1 Rac8 21.
Rac1 Na5 22. f5 exf5 23. e6+ Kxe6 24. Rce1+ Kf7 25. Re7+ Kg6 26. d7 Rcd8 27. Bc7
Nc6 28. Re6 Ne5 29. Bxe5 Rxd7 30. Rd6 Rxd6 31. Bxd6 Rd8 32. Bf4 Rc8 33. Rc1 Rc3
34. Rxc3 dxc3 35. Kf2 Kf7 36. Ke2 Ke6 37. Bb8 a6 38. Ba7 b5 39. Bd4 c2 40. Kd2
c1=Q+ 41. Kxc1 f4 42. Kd2 g5 43. Bc3 h5 44. Ke2 h4 45. h3 f5 46. Kf3 Ke7 47. Ba5
Kd7 48. d4 Ke7 49. d5 Kd6 50. Bd8 g4+ 51. hxg4 fxg4+ 52. Kxg4 Kxd5 53. Kxf4
{Black resigns} 1-0

[Event "Team 45 45 League T32"]
[Site "Internet Chess Club"]
[Date "2007.01.21"]
[Round "1"]
[White "The7thGuest"]
[Black "KingDestroyer"]
[Result "0-1"]
[WhiteElo "2119"]
[BlackElo "2237"]
[ECO "B41"]
[TimeControl "2700+45"]

1. e4 c5 2. Nf3 e6 3. d4 cxd4 4. Nxd4 a6 5. c4 Nf6 6. Nc3 Qc7 7. Be3 Be7 8. Bd3
d6 9. O-O Nbd7 10. f4 b6 11. b4 Bb7 12. Rc1 Rc8 13. g4 h6 14. h3 Qb8 15. Nb3 Qa8
16. Nd2 d5 17. e5 Ne4 18. Bxe4 dxe4 19. a3 O-O 20. Ndxe4 Nxe5 21. fxe5 Bxe4 22.
Nxe4 Qxe4 23. Qd4 Qg6 24. Qxb6 Rfd8 25. Qb7 Bh4 26. Qg2 Rd3 27. Bf2 Bg5 28. Rcd1
Rxc4 29. Qa8+ Kh7 30. Qxa6 Rcc3 31. Rxd3 Rxd3 32. Qc6 Rxh3 33. Qg2 Rxa3 34. b5
Rb3 35. b6 Bf4 36. Re1 Bd2 37. Re2 Rb1+ 38. Kh2 Bf4+ 39. Bg3 Bxg3+ 40. Qxg3 Rxb6
41. Qf4 Qd3 42. Rd2 Qg6 43. Rd7 Rb2+ 44. Kg3 Qb1 45. Rxf7 Qg1+ 46. Kh3 Qh1+ 47.
Kg3 Qh2+ 48. Kf3 Rb3+ {White resigns} 0-1

[Event "Team 45 45 League T32"]
[Site "Internet Chess Club"]
[Date "2007.01.21"]
[Round "1"]
[White "azbycx"]
[Black "livis"]
[Result "1/2-1/2"]
[WhiteElo "1993"]
[BlackElo "2245"]
[ECO "C14"]
[TimeControl "2700+45"]

1. e4 e6 2. d4 d5 3. Nc3 Nf6 4. Bg5 Be7 5. e5 Nfd7 6. Bxe7 Qxe7 7. f4 a6 8. Nf3
c5 9. Qd2 Nc6 10. dxc5 Nxc5 11. Bd3 b6 12. O-O-O Bb7 13. Kb1 O-O-O 14. a3 Kb8
15. Qe2 Rc8 16. Qf2 Rhd8 17. Nd4 Nxd3 18. Rxd3 Nxd4 19. Qxd4 b5 20. Na2 Rc4 21.
Qf2 Rdc8 22. Rc1 Qc7 23. b3 Rc5 24. Rd4 a5 25. Qd2 g6 26. g4 h6 27. h4 Qb6 28.
Kb2 R5c7 29. Kb1 a4 30. b4 Rc4 31. c3 Qd8 32. g5 hxg5 33. hxg5 Qh8 34. Qg2 Rxd4
35. cxd4 Rxc1+ 36. Nxc1 Qh4 37. Qd2 Qh3 38. Kb2 Qf1 39. Nd3 Bc6 40. Nc5 Ka7 41.
Nd3 {Game drawn by mutual agreement} 1/2-1/2

[Event "Team 45 45 League T32"]
[Site "Internet Chess Club"]
[Date "2007.01.21"]
[Round "1"]
[White "Sir-Knightly"]
[Black "M-Ayyad"]
[Result "1-0"]
[WhiteElo "2406"]
[BlackElo "2289"]
[ECO "D35"]
[TimeControl "2700+45"]

1. d4 d5 2. c4 e6 3. Nc3 Nf6 4. cxd5 exd5 5. Bg5 Nbd7 6. Qc2 c6 7. e3 Be7 8. Bd3
O-O 9. Nf3 Re8 10. O-O Nf8 11. Rab1 a5 12. a3 Ne4 13. Bf4 f5 14. Ne5 Bf6 15. f3
Nd6 16. Rfe1 Be6 17. Rbd1 Rc8 18. Na4 Ng6 19. Nxg6 hxg6 20. b4 axb4 21. axb4 b5
22. Nc5 Bf7 23. Ra1 Nc4 24. Bxc4 dxc4 25. Nb7 Qd5 26. Nd6 g5 27. Nxe8 Rxe8 28.
Bg3 f4 29. Bf2 fxe3 30. Rxe3 Rxe3 31. Bxe3 Bxd4 32. Ra8+ Be8 33. Rxe8+ Kf7 34.
Qe4 {Black resigns} 1-0

[Event "Team 45 45 League T32"]
[Site "Internet Chess Club"]
[Date "2007.01.19"]
[Round "1"]
[White "kingcapture"]
[Black "Allessia"]
[Result "0-1"]
[WhiteElo "2098"]
[BlackElo "2172"]
[ECO "B33"]
[TimeControl "2700+45"]

1. e4 c5 2. Nf3 Nc6 3. d4 cxd4 4. Nxd4 Nf6 5. Nc3 e5 6. Ndb5 d6 7. Bg5 a6 8. Na3
b5 9. Nd5 Be7 10. Bxf6 Bxf6 11. c3 O-O 12. Nc2 Bg5 13. a4 bxa4 14. Rxa4 a5 15.
Bc4 Rb8 16. b4 axb4 17. Ncxb4 Bd7 18. Ra6 Nxb4 19. cxb4 Rc8 20. Qd3 Bb5 21. Bxb5
Rc1+ 22. Ke2 Rxh1 23. h3 Rg1 24. g3 Qc8 25. g4 Qc1 26. Kf3 Rh1 27. Qc4 Rxh3+ 28.
Ke2 Qd2+ 29. Kf1 Qd1+ 30. Kg2 Qh1# {White checkmated} 0-1

[Event "Team 45 45 League T32"]
[Site "Internet Chess Club"]
[Date "2007.01.18"]
[Round "1"]
[White "tryany1"]
[Black "izit"]
[Result "0-1"]
[WhiteElo "2137"]
[BlackElo "2150"]
[ECO "E83"]
[TimeControl "2700+45"]

1. d4 Nf6 2. c4 g6 3. f3 Bg7 4. e4 O-O 5. Be3 d6 6. Nc3 Nc6 7. d5 Ne5 8. f4 Neg4
9. Bd2 Nh5 10. h3 Ng3 11. hxg4 Nxh1 12. Qf3 Bd4 13. Nh3 e5 14. g3 exf4 15. Qxh1
fxg3 16. Ng5 Bf2+ 17. Kd1 Bxg4+ 18. Be2 Bxe2+ 19. Nxe2 h5 20. Qh3 Qc8 21. Bf4
Re8 22. Qxc8 Raxc8 23. Bxg3 Bxg3 24. Nxg3 h4 25. Nf1 Re5 26. Nf3 Rxe4 27. N1d2
Rf4 28. Ke2 f6 29. Rh1 g5 30. Kd3 c5 31. dxc6 bxc6 32. Nd4 d5 33. cxd5 Rd8 34.
Nxc6 Rxd5+ 35. Ke3 Kf7 36. a3 a5 37. b4 axb4 38. axb4 f5 39. Nf3 Re4+ 40. Kf2
Rf4 41. Ke3 Re4+ 42. Kf2 Kf6 43. Rg1 g4 44. Nxh4 g3+ 45. Rxg3 Rd2+ 46. Kf3 Rxh4
47. Rg8 Rd3+ 48. Kg2 Rc4 49. Rg6+ Kxg6 50. Ne5+ Kg5 51. Nxd3 Rc3 52. Ne5 Kf4 53.
Ng6+ Ke4 54. Ne7 Rb3 55. Nc6 f4 56. Kf2 Rb2+ 57. Kf1 Ke3 58. Ne5 Rxb4 59. Ng4+
Kf3 60. Ne5+ Kg3 61. Nd3 Rb1+ 62. Ke2 f3+ 63. Ke3 Rb3 64. Kd2 Rxd3+ {White
resigns} 0-1

[Event "Team 45 45 League T32"]
[Site "Internet Chess Club"]
[Date "2007.01.21"]
[Round "1"]
[White "onslaught"]
[Black "Ozgur-Bjk"]
[Result "1/2-1/2"]
[WhiteElo "2126"]
[BlackElo "2127"]
[ECO "D35"]
[TimeControl "2700+45"]

1. d4 d5 2. c4 e6 3. Nc3 Nf6 4. cxd5 exd5 5. Bg5 Nbd7 6. e3 c6 7. Bd3 Bb4 8. Ne2
O-O 9. Qc2 h6 10. h4 Re8 11. Bf4 Nf8 12. O-O-O Qe7 13. a3 Ba5 14. Ng3 Ng4 15.
Nf5 Bxf5 16. Bxf5 Bxc3 17. Bxg4 Ba5 18. Kb1 Bc7 19. Bxc7 Qxc7 20. Bf3 Qd6 21. g4
Rac8 22. g5 a5 23. gxh6 Qxh6 24. Bg4 Ra8 25. Rdg1 Re4 26. h5 Re7 27. Rh3 Ne6 28.
Rhg3 Ng5 29. Bf5 Ne4 30. Rxg7+ Qxg7 31. Rxg7+ Kxg7 32. f3 Nd6 33. h6+ Kh8 34.
Qc5 Nxf5 35. e4 Re6 36. exf5 Rxh6 37. Qe7 Kg7 38. Qg5+ Kh7 39. f6 Rg8 40. Qf5+
Kh8 41. Qe5 a4 42. Kc2 Kh7 43. Qe7 Rg2+ 44. Kc3 Kg6 45. f4 Rhh2 46. Kb4 Rxb2+
47. Kc5 Rhe2 48. Qd8 Re6 49. Qg8+ Kf5 50. Qg5+ Ke4 51. Qf5+ {Game drawn by
mutual agreement} 1/2-1/2

[Event "Team 45 45 League T32"]
[Site "Internet Chess Club"]
[Date "2007.01.22"]
[Round "1"]
[White "Phoenix45"]
[Black "VammSK"]
[Result "1/2-1/2"]
[WhiteElo "2340"]
[BlackElo "2170"]
[ECO "D11"]
[TimeControl "2700+45"]

1. d4 d5 2. c4 c6 3. Nf3 Nf6 4. e3 e6 5. Nbd2 Nbd7 6. b3 a6 7. Bb2 Bd6 8. Bd3 b5
9. Ne5 Bb7 10. O-O O-O 11. f4 {Game drawn by mutual agreement} 1/2-1/2

[Event "Team 45 45 League T32"]
[Site "Internet Chess Club"]
[Date "2007.01.21"]
[Round "1"]
[White "NFork"]
[Black "Skrups"]
[Result "1-0"]
[WhiteElo "2194"]
[BlackElo "2106"]
[ECO "E70"]
[TimeControl "2700+45"]

1. d4 Nf6 2. c4 g6 3. Nc3 Bg7 4. e4 d6 5. Bg5 h6 6. Bf4 O-O 7. Qd2 Kh7 8. Nf3
Nh5 9. Be3 e5 10. Be2 f5 11. exf5 gxf5 12. dxe5 dxe5 13. Qxd8 Rxd8 14. Nxe5 Bxe5
15. Bxh5 Be6 16. Be2 Nc6 17. Rc1 Na5 18. b3 Nc6 19. O-O f4 20. Bc5 Rd2 21. Bf3
Nd4 22. Bxd4 Bxd4 23. Nb5 c6 24. Nc7 {Black resigns} 1-0

[Event "Team 45 45 League T32"]
[Site "Internet Chess Club"]
[Date "2007.01.19"]
[Round "1"]
[White "ZombieRagozin"]
[Black "NoLuckOnlySkill"]
[Result "1-0"]
[WhiteElo "2292"]
[BlackElo "2047"]
[ECO "B07"]
[TimeControl "2700+45"]

1. e4 d6 2. d4 Nf6 3. Nc3 g6 4. Bg5 Bg7 5. Qd2 h6 6. Bh4 c6 7. O-O-O b5 8. Bd3
Nbd7 9. f4 O-O 10. e5 Nd5 11. Nxd5 cxd5 12. exd6 Nf6 13. dxe7 Qxe7 14. Nf3 Qc7
15. Bxf6 Bxf6 16. Ne5 Bd7 17. Kb1 a5 18. g4 Be7 19. f5 g5 20. h4 Kg7 21. Rdf1
Bf6 22. Nf3 gxh4 23. g5 hxg5 24. Nxg5 Rh8 25. Rhg1 Kf8 26. Ne6+ fxe6 27. fxe6
Ke7 28. Rxf6 Bxe6 29. Rg7+ {Black resigns} 1-0

Hello, Leaguers. tantayo(C) has (C) on his handle. Per league statutes this game must be set a forfeit loss for tantayo(C).

[Event "Team 45 45 League T32"]
[Site "Internet Chess Club"]
[Date "2007.01.21"]
[Round "1"]
[White "iwulu"]
[Black "HomerSimpson"]
[Result "1/2-1/2"]
[WhiteElo "2203"]
[BlackElo "2268"]
[ECO "A46"]
[TimeControl "2700+45"]

1. d4 Nf6 2. Nf3 e6 3. Bg5 c5 4. e3 Qb6 5. Qc1 Nc6 6. c3 d5 7. Nbd2 Bd7 8. Bd3
Rc8 9. O-O cxd4 10. exd4 Nb4 11. Bb1 Bb5 12. Re1 Nd3 13. Bxd3 Bxd3 14. Ne5 Bf5
15. h3 h6 16. Be3 Be7 17. g4 Bh7 18. Nf1 Qc7 19. Qd1 b5 20. a4 b4 21. Rc1 bxc3
22. Rxc3 Qb7 23. Rxc8+ Qxc8 24. Qb3 O-O 25. Rc1 Qa8 26. Nc6 Bd6 27. Qc3 Ne4 28.
Qa5 Qb7 29. b4 Kh8 30. b5 Ra8 31. f3 Bc7 32. Qe1 Nd6 33. Qh4 Nc4 34. g5 hxg5 35.
Bxg5 a6 36. Rc2 axb5 37. Rg2 Bd6 38. Bf6 Rg8 39. axb5 Qxb5 40. Qh6 Bf8 41. Ne7
Nd6 42. Ne3 Qb1+ 43. Kh2 Ne8 44. Nxg8 Kxg8 45. Qh4 Bg6 46. Be7 Qb8+ 47. Kg1 Qb1+
48. Kh2 Qb8+ 49. Kh1 Qb1+ 50. Rg1 Qd3 51. Re1 Bxe7 52. Qxe7 Nf6 53. Qa7 Bh5 54.
Qb8+ Kh7 55. Qf4 Qg6 56. Rg1 Qh6 57. Qxh6+ Kxh6 58. Ng4+ Nxg4 59. hxg4 Bg6 60.
Kg2 Kg5 61. Kg3 Bd3 62. Rc1 Bc4 63. Rb1 Kf6 64. Rb7 g5 65. f4 gxf4+ 66. Kxf4 Bd3
67. Rb8 Kg7 68. Ke5 Be2 69. g5 Bd3 70. Kd6 Bh7 71. Ke5 Be4 72. Rb2 Bh7 73. Rh2
Be4 74. Rh4 Bg6 75. Kd6 Bf5 76. Rh6 Bb1 77. Ke7 Bf5 {Game drawn by mutual
agreement} 1/2-1/2

[Event "Team 45 45 League T32"]
[Site "Internet Chess Club"]
[Date "2007.01.18"]
[Round "1"]
[White "shyguy"]
[Black "SkinnyPuppy"]
[Result "1-0"]
[WhiteElo "2340"]
[BlackElo "2184"]
[ECO "B01"]
[TimeControl "2700+45"]

1. e4 d5 2. exd5 Nf6 3. d4 Bg4 4. Bb5+ Nbd7 5. f3 Bf5 6. c4 e6 7. dxe6 Bxe6 8.
Nc3 Bb4 9. d5 Bf5 10. Ne2 O-O 11. Bxd7 Nxd7 12. O-O Ne5 13. Ne4 Bxe4 14. fxe4
Bc5+ 15. Kh1 Qh4 16. Bf4 Rae8 17. Bxe5 Rxe5 18. Rf4 Qh6 19. Qd3 Bd6 20. g3 Rh5
21. Rf2 Bc5 22. Nd4 Qb6 23. Rd1 Re5 24. Re2 Bxd4 25. Qxd4 Qxd4 26. Rxd4 f5 27.
Kg2 b6 28. Rf2 g6 29. exf5 Rfxf5 30. Rxf5 gxf5 31. Kf3 Kf7 32. Rd2 Re4 33. b3 a5
34. Re2 Rd4 35. Re5 Rd2 36. Re2 Rd4 37. Ke3 Re4+ 38. Kd3 Rg4 39. Re5 Kf6 40.
Re6+ Kf7 41. Rc6 {Black resigns} 1-0